 Dungeon Crawl Stone Soup version 0.30.1-11-g7821555f0a (webtiles) character file.

Game seed: 7142677204719850819

261 Bronimir the Gusty (level 6, -1/57 HPs)
             Began as an Ogre Air Elementalist on Dec 1, 2023.
             Engulfed by a steam dragon's steam (9 damage)
             ... on level 4 of the Dungeon on Dec 2, 2023.
             The game lasted 00:17:10 (4629 turns).

Bronimir the Gusty (Ogre Air Elementalist)          Turns: 4629, Time: 00:17:11

Health: -1/57      AC:  4    Str: 13    XL:     6   Next: 18%
Magic:  11/11      EV: 10    Int: 18    God:
Gold:   229        SH:  0    Dex:  9    Spells: 4/12 levels left

rFire   . . .        z - +2 hammer (venom)
rCold   . . .        (no shield)
rNeg    . . .        a - +0 robe
rPois   .            (helmet restricted)
rElec   .            y - +0 cloak
rCorr   .            (gloves unavailable)
SInv    .            (boots unavailable)
Will    .....        (no amulet)
Stlth   ++           (no ring)
HPRegen 0.29/turn    (no ring)
MPRegen 0.12/turn

%: no passive effects
@: no status effects
A: large, unfitting armour, tough skin 1
a: no special abilities


You were on level 4 of the Dungeon.
You visited 1 branch of the dungeon, and saw 4 of its levels.

You collected 229 gold pieces.

Inventory:

Hand Weapons
 f - a +0 quarterstaff
 i - a +0 club
 l - a +0 war axe
 w - the +0 whip "Waymanib" {flame, Dex+5}
   (You found it on level 3 of the Dungeon)

   Dex:       It affects your dexterity (+5).
 x - a +4 quarterstaff of chaos
 z - a +2 hammer of venom (weapon)
Missiles
 j - 40 stones
 o - 6 poisoned darts (quivered)
Armour
 a - a +0 robe (worn)
 y - a +0 cloak (worn)
Jewellery
 e - an amulet of guardian spirit
 n - an amulet of magic regeneration
 u - the ring of the Albatross {rElec rPois rCorr SInv}
   (You found it on level 3 of the Dungeon)

   [ring of resist corrosion]

   rElec:     It insulates you from electricity.
   rPois:     It protects you from poison.
   SInv:      It lets you see invisible.
   rCorr:     It protects you from acid and corrosion.
Wands
 t - a wand of light (9)
Scrolls
 c - 2 scrolls of enchant armour {unknown}
 d - 3 scrolls of identify {unknown}
 g - 2 scrolls of immolation {unknown}
 h - 6 scrolls of teleportation {unknown}
 k - a scroll of amnesia {unknown}
 m - a scroll of magic mapping {unknown}
 p - a scroll of enchant weapon {unknown}
 q - a scroll of silence {unknown}
 r - a scroll of poison {unknown}
 A - a scroll of fog {unknown}
Potions
 b - a potion of magic
 s - a potion of attraction {unknown}


   Skills:
 + Level 2.0 Fighting
 + Level 1.3(1.6) Axes
 * Level 1.1(1.4) Maces & Flails
 + Level 2.4 Dodging
 + Level 1.7 Stealth
 + Level 3.8 Spellcasting
 * Level 1.9 Conjurations
 * Level 3.8 Air Magic


You had 4 spell levels left.
You knew the following spells:

 Your Spells              Type           Power      Damage    Failure   Level
a - Shock                 Conj/Air       52%        1d6       4%          1
b - Static Discharge      Conj/Air       26%        2-4/arc   7%          2
c - Swiftness             Air            17%        N/A       9%          3
d - Necrotise             Necr           12%        1d4       16%         1
e - Summon Small Mammal   Summ           12%        N/A       16%         1

Your spell library contained the following spells:

 Spells                   Type           Power      Damage    Failure   Level
 Apportation              Tloc           6%         N/A       16%         1
 Beastly Appendage        Tmut           6%         N/A       16%         1
 Wereblood                Tmut           3%         N/A       22%         2
 Airstrike                Air            8%         2d(2-18)  30%         4
 Inner Flame              Hex/Fire       3%         N/A       41%         3
 Spider Form              Tmut/Pois      3%         N/A       41%         3
 Flame Wave               Conj/Fire      6%         2d5       69%         4
 Sticky Flame             Conj/Fire      6%         2d3       69%         4
 Malign Gateway           Summ/Tloc      1%         N/A       100%        7
 Summon Horrible Things   Summ           1%         N/A       100%        8


Dungeon Overview and Level Annotations

Branches:
Dungeon (4/15)
 Temple: D:4-7

Altars:

Shops:
D:2 !


Innate Abilities, Weirdness & Mutations

You are too large for most types of armour.
You have tough skin. (AC +1)


Message History

h - 6 scrolls labelled SICIOXU HUTOA (gained 1)
There is a stone staircase leading up here.
A ball python comes into view.
A ball python is nearby!
The ball python hisses angrily.
Found a hand axe and a leather armour.
The ball python bites you.
You closely miss the ball python. The ball python bites you.
You hit the ball python.
You kill the ball python!
No target in view!
No target in view!
Found a whip.
You see here a ball python corpse.
You see here a +0 whip.
s - a viscous golden potion
j - 40 stones (gained 2)
A steam dragon comes into view.
A steam dragon is nearby!
A steam dragon is nearby!
A giant cockroach comes into view.
The steam dragon hisses angrily.
The steam dragon breathes steam at you. The ball of steam hits you!!
No target in view!
No target in view!
No target in view!
Unknown command.
The giant cockroach bites you.
Unknown command.
You closely miss the giant cockroach. The steam dragon breathes steam at you.
The ball of steam hits you!! The giant cockroach barely misses you.
You barely miss the giant cockroach.
You are engulfed in a cloud of scalding steam.
* * * LOW HITPOINT WARNING * * *
The giant cockroach bites you but does no damage.
The giant cockroach barely misses you.
You barely miss the giant cockroach.
You are engulfed in a cloud of scalding steam.
You die...

###.####### ......... .[####
#.........# ......... ....#
#.........# .......?#######.#.#
.)........# ................#.##
#.........# .....§....##........
#.........# ......§...##.#......
#.........######.#.#§§.##.#)..†..
...............#B#$.......##)#.##
#.........####.#@#####.#..##.#.#
#.........# #.#§§D....#..##.#.#
#.........####.#########..##.#.#
######...........#........##.#.#
#.#######.#.#.#......##.#.#
#.#.[.....#.# ####......#.#
#>#.###.#.#.# #...######.##
#.#.#...#.#.# #.## #...
#.#...###.#.# ... ###.


You could see a steam dragon (catching breath) and a giant cockroach.

Vanquished Creatures
  Crazy Yiuf (D:3)
  A hound (D:4)
  Jessica (D:2)
  2 orc wizards (D:4)
  5 adders
  2 worms (D:2)
  A dart slug (D:2)
  3 orcs
  4 endoplasms
  A giant cockroach (D:1)
  13 hobgoblins
  4 quokkas
  7 ball pythons
  8 bats
  3 frilled lizards
  6 goblins
  5 kobolds
  4 rats
71 creatures vanquished.

Notes
Turn   | Place    | Note
-------+----------+-------------------------------------------
     0 | D:1      | Bronimir the Ogre Air Elementalist began the quest for the
                  | Orb.
     0 | D:1      | Reached XP level 1. HP: 16/16 MP: 3/3
   259 | D:1      | Reached XP level 2. HP: 22/24 MP: 1/5
   564 | D:1      | Learned a level 2 spell: Static Discharge
   852 | D:1      | Reached XP level 3. HP: 32/32 MP: 5/7
  1543 | D:2      | Noticed Jessica
  1582 | D:2      | Killed Jessica
  1583 | D:2      | Reached skill level 1 in Fighting
  1583 | D:2      | Reached skill level 1 in Conjurations
  1662 | D:2      | Reached XP level 4. HP: 33/41 MP: 3/8
  1890 | D:2      | Found a faded altar of an unknown god.
  2210 | D:2      | Found Notaas's Distillery.
  2913 | D:3      | Learned a level 3 spell: Swiftness
  3107 | D:3      | Identified the ring of the Albatross {rElec rPois rCorr
                  | SInv}
  3135 | D:3      | Reached skill level 1 in Axes
  3135 | D:3      | Reached XP level 5. HP: 20/48 MP: 6/9
  3441 | D:3      | Identified the +0 whip "Waymanib" {flame, Dex+5}
  3554 | D:3      | Found a runed translucent door.
  3555 | D:3      | Noticed Crazy Yiuf
  3560 | D:3      | Learned a level 1 spell: Necrotise
  3562 | D:3      | Learned a level 1 spell: Summon Small Mammal
  3573 | D:3      | Killed Crazy Yiuf
  4209 | D:4      | Reached XP level 6. HP: 40/55 MP: 6/11
  4251 | D:4      | Reached skill level 1 in Maces & Flails
  4617 | D:4      | Noticed a steam dragon
  4629 | D:4      | Engulfed by a steam dragon's steam

Illustrated notes

Levels and vault maps discovered:
D:1:      matt_arrival_los_fun, layout_basic, minmay_octomino_c4
D:2:      cheibrodos_greedy_goblins, layout_basic,
          chequers_ecumenical_altar_island, serial_shops,
          nicolae_shop_window_shopping, serial_forest,
          infiniplex_forest_lined_4_way, infiniplex_forest_lined_room_3,
          infiniplex_forest_clump_double, infiniplex_forest_3_way,
          infiniplex_forest_zigzag_1, infiniplex_forest_lined_2,
          infiniplex_forest_straight_4, uniq_jessica
D:3:      layout_rooms, roderic_roman_lattice, uniq_crazy_yiuf_cottage
D:4:      layout_basic, chequers_serial_rivers_large_a

Skill      XL: |  1  2  3  4  5  6 |
---------------+-------------------+-----
Air Magic      | 3 |  3.8
Fighting       | 1 2 |  2.0
Dodging        | 2 |  2.4
Conjurations   | 1 |  1.9
Spellcasting   | 3 |  3.8
Axes           | 1 |  1.3
Maces & Flails | 1 |  1.1
Stealth        | |  1.7

Action                     |  1- 3 |  4- 6 || total
---------------------------+-------+-------++-------
  Melee: Unarmed           |    21 |       ||    21
         Club              |    11 |       ||    11
         War axe           |     3 |    61 ||    64
         Quarterstaff      |     2 |       ||     2
         Mace              |       |    40 ||    40
         Whip              |       |     6 ||     6
  Throw: Dart              |     3 |       ||     3
   Cast: Shock             |    39 |    35 ||    74
         Static Discharge  |     2 |     7 ||     9
         Swiftness         |       |     1 ||     1
    Use: Potion            |       |     6 ||     6
   Stab: Sleeping          |       |     1 ||     1
 Armour: Robe              |    54 |    35 ||    89
  Dodge: Dodged            |    45 |    78 ||   123
